 Dungeon Crawl Stone Soup version 0.28.0-1-gb440e238dd (webtiles) character file.

Game seed: 9344450939557470350

46 inmateoo the Skirmisher (level 3, -5/31 HPs)
             Began as a Demigod Fighter on Feb 22, 2022.
             Slain by a scorpion (6 damage)
             ... on level 2 of the Dungeon.
             The game lasted 00:01:35 (1550 turns).

inmateoo the Skirmisher (Demigod Fighter)           Turns: 1550, Time: 00:01:36

Health: -5/31      AC: 12    Str: 21    XL:     3   Next: 26%
Magic:  5/5        EV:  6    Int: 10    God:
Gold:   34         SH:  4    Dex: 13    Spells: 2/2 levels left

rFire   . . .      SeeInvis .   a - +0 trident
rCold   . . .      Faith    .   c - +0 buckler
rNeg    . . .      Spirit   .   f - +0 plate armour
rPois   .          Reflect  .   (no helmet)
rElec   .          Harm     .   (no cloak)
rCorr   .          Rampage  .   g - +0 pair of gloves
Will    .....                   (no boots)
Stlth   ..........              (no amulet)
HPRegen 0.10/turn               (no ring)
MPRegen 0.09/turn               (no ring)

@: no status effects
A: high MP 1, forlorn, divine attributes
a: no special abilities


You were on level 2 of the Dungeon.
You visited 1 branch of the dungeon, and saw 2 of its levels.

You collected 34 gold pieces.

Inventory:

Hand Weapons
 a - a +0 trident (weapon)
Armour
 c - a +0 buckler (worn)
 f - a +0 plate armour (worn)
 g - a +0 pair of gloves (worn)
Scrolls
 e - a scroll of torment {unknown}
 h - a scroll of identify {unknown}
 i - a scroll of amnesia {unknown}
Potions
 b - a potion of berserk rage {unknown}
 d - a potion of might


   Skills:
 + Level 3.0 Fighting
 * Level 2.4 Polearms
 + Level 3.0 Armour
 + Level 1.0 Dodging
 + Level 2.9 Shields


You had 2 spell levels left.
You didn't know any spells.
Your spell library was empty.

Dungeon Overview and Level Annotations

Branches:
Dungeon (2/15)


Innate Abilities, Weirdness & Mutations

You have an increased reservoir of magic. (+10% MP)
You shall have no god before yourself.
Your divine heritage dramatically boosts your attributes as you level up.


Message History

You are poisoned.
The scorpion poisons you!
You hit the scorpion.
The scorpion is severely wounded.
You feel very sick.
The scorpion stings you but does no damage.
You closely miss the scorpion.
The scorpion is severely wounded.
You feel very sick.
The scorpion stings you but does no damage.
You block the scorpion's attack.
You completely miss the scorpion.
The scorpion is severely wounded.
You feel sick. The scorpion stings you.
You barely miss the scorpion.
The scorpion is severely wounded.
You feel sick.
The scorpion stings you but does no damage.
The scorpion barely misses you.
You closely miss the scorpion.
The scorpion is severely wounded.
You feel sick.
The scorpion stings you but does no damage.
You hit the scorpion.
The scorpion is severely wounded.
You feel sick.
The scorpion stings you but does no damage. x2
You closely miss the scorpion.
The scorpion is severely wounded.
You feel sick. The scorpion stings you!
* * * LOW HITPOINT WARNING * * *
Okay, then.
Okay, then.
You closely miss the scorpion.
The scorpion is severely wounded.
You feel sick.
You are no longer poisoned.
The scorpion stings you but does no damage.
The scorpion stings you.
You die...

#.....# ###########
#.###.# #.........#
#.###.####
#.#######.###.##......
#...............##
#.###.###.##...## #.#
#.# #.###.##
#.###.###.# #.# #.#
#....@....# #.. ..#
#####s##### #####+#
... ##...## .###.
##.....## .# #.
##...<...# #. .#
#......... # .
+......... #
#......... #.......#


You could see a scorpion.

Vanquished Creatures
  2 adders (D:2)
  2 dart slugs
  3 endoplasms
  A giant cockroach (D:1)
  A hobgoblin (D:1)
  4 ball pythons (D:1)
  A bat (D:1)
  4 frilled lizards
  A goblin (D:1)
  4 kobolds (D:1)
  4 rats
27 creatures vanquished.

Notes
Turn   | Place    | Note
-------+----------+-------------------------------------------
     0 | D:1      | inmateoo the Demigod Fighter began the quest for the Orb.
     0 | D:1      | Reached XP level 1. HP: 18/18 MP: 3/3
   372 | D:1      | Reached XP level 2. HP: 16/25 MP: 4/4
  1275 | D:2      | Reached XP level 3. HP: 18/30 MP: 5/5
  1442 | D:2      | Reached skill level 1 in Dodging
  1533 | D:2      | Noticed a scorpion
  1550 | D:2      | HP: 1/31 [poisoned by a scorpion]
  1550 | D:2      | Slain by a scorpion

Illustrated notes

Levels and vault maps discovered:
D:1:      matt_arrival_spirals, layout_loops_cross,
          hellmonk_ecumenical_altar_zigzags
D:2:      layout_loops_corners, uniq_terence

Skill      XL: |  1  2  3 |
---------------+----------+-----
Polearms       | 2 |  2.4
Fighting       | 3 |  3.0
Armour         | 3 |  3.0
Dodging        | 1 |  1.0
Shields        | |  2.9

Action                   || total
-------------------------++-------
Melee: Trident           ||   109
Armor: Scale mail        ||    15
       Plate armour      ||    28
Dodge: Dodged            ||    25
Block: Buckler           ||    15
